 Dungeon Crawl Stone Soup version 0.29-a0-82-g837932c90e (webtiles) character file.

Game seed: 1430392323398725581

119 HallandMoats the Skirmisher (level 5, -2/47 HPs)
             Began as a Ghoul Monk on Feb 5, 2022.
             Was a Priest of Cheibriados.
             Slain by Robin (4 damage)
             ... on level 3 of the Dungeon.
             The game lasted 00:03:40 (2207 turns).

HallandMoats the Skirmisher (Ghoul Monk)            Turns: 2207, Time: 00:03:40

Health: -2/47      AC:  6    Str: 25    XL:     5   Next: 3%
Magic:  4/4        EV: 14    Int: 13    God:    Cheibriados [***...]
Gold:   84         SH:  0    Dex: 25    Spells: 4/4 levels left

rFire   . . .      SeeInvis .   i - +0 trident
rCold   + . .      Faith    .   (no shield)
rNeg    + + +      Spirit   .   h - +2 leather armour "Tuasotz" {rElec rN+ Dex+6 Stlth-}
rPois   ∞          Reflect  .   (no helmet)
rElec   +          Harm     .   c - +0 cloak
rCorr   .          Rampage  .   (no gloves)
Will    .....                   (no boots)
Stlth   +.........              (no amulet)
HPRegen 0.00/turn               (no ring)
MPRegen 0.09/turn               (no ring)

@: inhibited regen, very slow
A: claws 1, cold resistance 1, negative energy resistance 3, inhibited
regeneration, torment resistance 2
a: Renounce Religion, Bend Time, Temporal Distortion


You were on level 3 of the Dungeon.
You worshipped Cheibriados.
Cheibriados was most pleased with you.
You visited 1 branch of the dungeon, and saw 3 of its levels.

You collected 84 gold pieces.

Inventory:

Hand Weapons
 i - a +0 trident (weapon)
Armour
 a - a +3 leather armour
 c - a +0 cloak (worn)
 h - the +2 leather armour "Tuasotz" (worn) {rElec rN+ Dex+6 Stlth-}
   (You found it on level 2 of the Dungeon)

   Dex:       It affects your dexterity (+6).
   rElec:     It insulates you from electricity.
   rN:        It protects you from negative energy.
   Stlth:     It makes you less stealthy.
Scrolls
 b - a scroll of enchant armour
Potions
 m - a potion of lignification {unknown}


   Skills:
 * Level 4.3 Fighting
 * Level 3.6 Polearms
 + Level 1.4 Armour
 + Level 3.1 Dodging
 - Level 2.1 Stealth


You had 4 spell levels left.
You didn't know any spells.
Your spell library was empty.

Dungeon Overview and Level Annotations

Branches:
Dungeon (3/15)

Altars:
Cheibriados
Trog

Annotations:
D:3 Robin


Innate Abilities, Weirdness & Mutations

You thrive by killing the living.
You are immune to poison.
You have sharp fingernails.
Your flesh is cold resistant. (rC+)
You are immune to negative energy. (rN+++)
You do not regenerate when monsters are visible.
You are immune to unholy pain and torment.


Message History

You feel better. Robin throws the goblin at you!
The goblin hits you but does no damage.
You closely miss Robin. The goblin hits you with a +0 club.
You closely miss Robin. The goblin hits you but does no damage.
The goblin hits you with a +0 club.
You completely miss Robin.
Robin roars a battlecry!
The goblins go into a battle-frenzy!
The goblin hits you with a +0 club.
You puncture Robin!
Robin is heavily wounded.
Robin hits you with a +0 short sword. The goblin hits you but does no damage.
You closely miss Robin. You claw Robin, but do no damage.
Robin is heavily wounded.
The goblin no longer looks unusually strong.
Robin closely misses you. The goblin hits you with a +0 club.
* * * LOW HITPOINT WARNING * * *
You hit Robin.
Robin is severely wounded.
The goblin no longer looks unusually strong.
Robin hits you but does no damage. The goblin hits you but does no damage.
You hit Robin but do no damage.
Robin is severely wounded.
Robin hits you with a +0 short sword.
* * * LOW HITPOINT WARNING * * *
The goblin hits you with a +0 club.
* * * LOW HITPOINT WARNING * * *
You hit the goblin but do no damage. The goblin misses you.
You completely miss Robin.
Robin is severely wounded.
Robin roars a battlecry!
The goblin goes into a battle-frenzy!
The goblin hits you with a +0 club.
* * * LOW HITPOINT WARNING * * *
You closely miss Robin.
Robin is severely wounded.
The goblin hits you with a +0 club.
* * * LOW HITPOINT WARNING * * *
Robin hits you with a +0 short sword.
You die...

#.# # #.# .. #.#
.. #.# .# #.# ..
########.##.#.###
#.........)......
###.####g###....g
#†#g@gg...# .#.
#.#######.#.
#...........
#.##.####.#...
#.#<..........
#.#...[..... .
............
###.<......#
#.###.....


You could see Robin and 3 goblins.

Vanquished Creatures
  Crazy Yiuf (D:2)
  An orc wizard (D:3)
  2 adders (D:3)
  A worm (D:2)
  A dart slug (D:2)
  4 orcs (D:3)
  6 endoplasms
  3 giant cockroaches
  4 hobgoblins
  A quokka (D:1)
  A ball python (D:1)
  3 bats
  7 goblins
  A kobold (D:2)
  2 rats (D:2)
38 creatures vanquished.

Vanquished Creatures (others)
  2 fungi (D:2)
2 creatures vanquished.

Grand Total: 40 creatures vanquished

Notes
Turn   | Place    | Note
-------+----------+-------------------------------------------
     0 | D:1      | HallandMoats the Ghoul Monk began the quest for the Orb.
     0 | D:1      | Reached XP level 1. HP: 19/19 MP: 0/0
   274 | D:1      | Reached XP level 2. HP: 26/26 MP: 1/1
   570 | D:1      | Found a faded altar of an unknown god.
  1017 | D:1      | Prayed at the altar of an unknown god.
  1017 | D:1      | Became a worshipper of Cheibriados the Contemplative
  1017 | D:1      | Reached * piety under Cheibriados
  1017 | D:1      | Reached ** piety under Cheibriados
  1058 | D:2      | Identified the +2 leather armour "Tuasotz" {rElec rN+ Dex+6
                  | Stlth-}
  1160 | D:2      | Reached *** piety under Cheibriados
  1412 | D:2      | Reached XP level 3. HP: 33/33 MP: 2/2
  1484 | D:2      | Found a bloodstained altar of Trog.
  1583 | D:2      | Found a runed translucent door.
  1584 | D:2      | Noticed Crazy Yiuf
  2074 | D:2      | Killed Crazy Yiuf
  2075 | D:2      | Reached skill level 4 in Fighting
  2075 | D:2      | Reached skill level 1 in Armour
  2123 | D:3      | Reached XP level 4. HP: 40/40 MP: 3/3
  2167 | D:3      | Noticed Robin
  2194 | D:3      | Reached XP level 5. HP: 29/47 MP: 4/4
  2207 | D:3      | HP: 2/47 [goblin[Robin] (6)]
  2207 | D:3      | Slain by Robin

Illustrated notes

Levels and vault maps discovered:
D:1:      dpeg_arrival_circle_labyrinth_c, layout_loops_ring,
          shapermc_ecumenical_altar_mp_vishouse, minmay_box_of_dots
D:2:      layout_rooms, basic_altar, uniq_crazy_yiuf_cottage
D:3:      layout_basic, minmay_misc_feat_doors, nicolae_figureground_pulse,
          uniq_grinder, uniq_jessica, uniq_robin

Skill      XL: |  1  2  3 |
---------------+----------+-----
Polearms       | 3 |  3.6
Fighting       | 4 |  4.3
Armour         | 1 |  1.4
Dodging        | 3 |  3.1
Stealth        | |  2.1

Action                   |  1- 3 |  4- 6 || total
-------------------------+-------+-------++-------
Melee: Spear             |    43 |       ||    43
       Trident           |    41 |    55 ||    96
       Punch             |       |     1 ||     1
  Use: Scroll            |     6 |       ||     6
       Potion            |     1 |     1 ||     2
 Stab: Sleeping          |     4 |       ||     4
Armor: Robe              |     5 |       ||     5
       Leather armour    |    14 |    22 ||    36
Dodge: Dodged            |    33 |    44 ||    77

Table legend: (Time is in decaauts)
 A = Elapsed time spent in this place.
 B = Non-inter-level travel time spent in this place.
 C = Inter-level travel time spent in this place.
 D = Time resting spent in this place.
 E = Time spent auto-exploring this place.
 F = Levels seen in this place.
 G = Mean time per level.
                   A        B        C        D        E       F      G
               +--------+--------+--------+--------+--------+-----+--------+
         Total |   2472 |   2256 |    216 |    429 |   1441 |   3 |  824.0 |
       Dungeon |   2472 |   2256 |    216 |    429 |   1441 |   3 |  824.0 |
               +--------+--------+--------+--------+--------+-----+--------+

Top non-repeatable levels by time:
     D:2: 1290 daAuts
     D:1: 1070 daAuts
     D:3: 112 daAuts
